 Dungeon Crawl Stone Soup version 0.30.0-10-gfe55d96785 (webtiles) character file.

Game seed: 5851249928565198858

6419 qw the Cleaver (level 10, -1/66 HPs)
             Began as a Gargoyle Cinder Acolyte on May 16, 2023.
             Was an Initiate of Okawaru.
             Slain by a fire elemental (11 damage)
             ... created by the fiery vengeance of Ignis
             ... on level 10 of the Dungeon.
             The game lasted 00:05:01 (9743 turns).

qw the Cleaver (Gargoyle Cinder Acolyte)            Turns: 9743, Time: 00:05:01

Health: -1/66      AC: 22    Str: 22    XL:     10   Next: 98%
Magic:  11/11      EV:  9    Int: 15    God:    Okawaru [......]
Gold:   300        SH:  4    Dex:  5    Spells: 11/11 levels left

rFire   . . .        Y - +0 war axe
rCold   . . .        d - +0 buckler
rNeg    + + .        n - +4 scale mail "Nugetol" {rN+}
rPois   inf          q - +0 helmet
rElec   +            p - scarf {repulsion}
rCorr   .            l - +0 pair of gloves
SInv    .            g - +0 pair of boots
Will    .....        (no amulet) Stlth
                     o - ring of protection from fire
HPRegen 0.31/turn    (no ring)
MPRegen 0.12/turn

%: repel missiles
@: fire susceptible
A: sickness immunity, AC +7, negative energy resistance 1, electricity
resistance, torment resistance 1, petrification resistance
a: Renounce Religion


You were on level 10 of the Dungeon.
You worshipped Okawaru.
Okawaru was noncommittal.
You visited 1 branch of the dungeon, and saw 10 of its levels.
You also visited: Sewer.

You collected 492 gold pieces.
You spent 192 gold pieces at shops.


Innate Abilities, Weirdness & Mutations

You are immune to sickness and miasma.
Your stone body is resilient. (AC +7)
You are immune to poison.
You resist negative energy. (rN+)
You are resistant to electric shocks. (rElec)
You are resistant to unholy torment.
You are immune to petrification.


   Skills:
 - Level 9.0 Fighting
 + Level 11.5 Axes
 - Level 2.0 Throwing
 - Level 5.3 Armour
 - Level 1.7 Dodging
 - Level 5.0 Shields
 - Level 1.0 Spellcasting
 - Level 3.0 Fire Magic


You had 11 spell levels left.
You didn't know any spells.
Your spell library contained the following spells:

 Spells                   Type           Power      Damage    Failure   Level
 Scorch                   Fire           18%        2d5       32%         2

Inventory:

Hand Weapons
 f - a +1 hand axe of flaming
 Y - a +0 war axe (weapon)
Missiles
 j - a boomerang (quivered)
Armour
 d - a +0 buckler (worn)
 g - a +0 pair of boots (worn)
 k - a +1 ring mail of fire resistance
 l - a +0 pair of gloves (worn)
 n - the +4 scale mail "Nugetol" (worn) {rN+}
   (You found it on level 6 of the Dungeon)

   rN:        It protects you from negative energy.
 p - a scarf of repulsion (worn)
 q - a +0 helmet (worn)
Jewellery
 o - a ring of protection from fire (left hand)
Scrolls
 c - 4 scrolls of identify
Potions
 a - a potion of resistance
 b - 6 potions of curing
 e - 2 potions of heal wounds
 h - a potion of cancellation
 i - 2 potions of haste
 m - a potion of might

Dungeon Overview and Level Annotations

Branches:
Dungeon (10/15)            Temple (0/1) D:5            Lair (0/5) D:10
  Sewer (visited)
    Orc: D:9-12

Altars:
Ashenzari
Dithmenos
Elyvilon
Kikubaaqudgha
Makhleb
Nemelex Xobeh
Okawaru
Qazlal
Trog
Uskayaw
Vehumet
Wu Jian
Zin
The Shining One

Shops:
D:7 (

Annotations:
D:4 3 runed translucent doors, qw's ghost, amateur GrFi


Message History

You kill the killer bee!
Okawaru accepts your kill.
You hit the killer bee. You closely miss the killer bee.
The killer bee barely misses you.
The killer bee stings you but does no damage.
The killer bee barely misses you. The killer bee stings you.
You slash the killer bee!
You kill the killer bee!
Okawaru accepts your kill.
You slash the killer bee!
You kill the killer bee!
Okawaru accepts your kill.
You start resting. "Attack, my last stalwart servants!" 3 fire elementals come into view.
You hit the fire elemental but do no damage.
You completely miss the fire elemental. You slice the fire elemental!!
The fire elemental is heavily damaged.
You barely miss the fire elemental. The fire elemental hits you.
The fire elemental burns you! The fire elemental barely misses you.
You slash the fire elemental!
The fire elemental is almost destroyed.
You closely miss the fire elemental. You hit the fire elemental.
The fire elemental hits you. The fire elemental burns you!
The fire elemental hits you. The fire elemental burns you!
You block the fire elemental's attack.
You slash the fire elemental!
You destroy the fire elemental!
That felt strangely unrewarding.
You hit the fire elemental.
You hit the fire elemental but do no damage.
The fire elemental barely misses you. The fire elemental hits you.
The fire elemental burns you!
You barely miss the fire elemental.
The fire elemental is lightly damaged.
You slash the fire elemental! The fire elemental hits you.
The fire elemental burns you! The fire elemental hits you.
The fire elemental burns you!
You die...

...~~.~~.#
.#.~~_~~[##
..~~~~~..#
#..~~~...#####
.............#
#............###.
.....#.).0.......
##.#(...EE%....#
#.#.#..%@...#.#
#..###.%..?##
...# ##....# ..#
.#.#... #.
.##.##### .# #.#
.. #.# .. #.#


You could see 2 fire elementals.

Vanquished Creatures
  An ugly thing (D:8)
  A troll (D:9)
  A wyvern (D:9)
  5 yaks (D:8)
  A fire elemental (D:10)
  3 vampire mosquitoes (D:10)
  A steam dragon (D:7)
  Menkaure (D:5)
  3 water moccasins
  An orc warrior (D:9)
  An ice beast (D:5)
  A sky beast (D:7)
  3 ogres (D:5)
  A phantom (D:5)
  4 kobold brigands
  4 bullfrogs
  2 gnoll sergeants
  5 scorpions
  21 killer bees
  2 howler monkeys
  A jelly (D:4)
  10 orc priests
  6 hounds
  Natasha (thrice) (D:3)
  7 iguanas
  12 orc wizards
  14 gnolls
  9 adders
  A river rat (Sewer)
  A shadow imp (D:5)
  A white imp (D:8)
  2 worms
  2 dart slugs (D:1)
  38 orcs
  8 endoplasms
  2 giant cockroaches
  9 goblins
  5 hobgoblins
  4 jackals
  18 kobolds
  3 quokkas
  9 ball pythons
  8 bats
  A frilled lizard (D:3)
  10 rats
246 creatures vanquished.

Vanquished Creatures (others)
  An orc (D:7)
1 creature vanquished.

Grand Total: 247 creatures vanquished

Notes
Turn   | Place    | Note
-------+----------+-------------------------------------------
     0 | D:1      | qw the Gargoyle Cinder Acolyte began the quest for the Orb.
     0 | D:1      | Reached XP level 1. HP: 14/14 MP: 2/2
     0 | D:1      | 0 ||| qw: Version: 0.2-a-94-g6f95ed7
     0 | D:1      | 0 ||| qw: Game counter: 33
     0 | D:1      | 0 ||| qw: Always use a shield: true
     0 | D:1      | 0 ||| qw: God list: Okawaru
     0 | D:1      | 0 ||| qw: Allow faded altars: false
     0 | D:1      | 0 ||| qw: Do Orc after D:15 true
     0 | D:1      | 0 ||| qw: Do second Lair branch before Depths: true
     0 | D:1      | 0 ||| qw: Lair rune preference: random
     0 | D:1      | 0 ||| qw: Plans: Normal
     0 | D:1      | 0 ||| PLANNING D:1-11
    42 | D:1      | Reached skill level 3 in Axes
    73 | D:1      | 73 ||| INVOKING Fiery Armour.
    75 | D:1      | Reached XP level 2. HP: 10/19 MP: 3/3
   160 | D:1      | 160 ||| Stepping ~*~*~tactically~*~*~ (stealth).
   330 | D:1      | 330 ||| Stepping ~*~*~tactically~*~*~ (hiding).
   332 | D:1      | 332 ||| Stepping ~*~*~tactically~*~*~ (hiding).
   453 | D:1      | 453 ||| Stepping ~*~*~tactically~*~*~ (hiding).
   507 | D:1      | Reached XP level 3. HP: 23/23 MP: 4/4
   640 | D:1      | 640 ||| UPGRADING to +0 buckler.
   645 | D:1      | 645 ||| READING scroll labelled PIBAHI LYLY.
   725 | D:2      | Reached skill level 1 in Shields
   953 | D:2      | Reached skill level 4 in Axes
  1093 | D:2      | Reached XP level 4. HP: 28/28 MP: 5/5
  1233 | D:2      | 1233 ||| UPGRADING to +0 chain mail.
  1243 | D:2      | 1243 ||| DROPPING +0 robe.
  1244 | D:2      | 1244 ||| READING 5 scrolls labelled VAECSOCUKI.
  1245 | D:2      | 1245 ||| READING 4 scrolls of identify.
  1245 | D:2      | 1245 ||| IDENTIFYING fizzy blue potion
  1246 | D:2      | 1246 ||| READING 3 scrolls of identify.
  1246 | D:2      | 1246 ||| IDENTIFYING blue potion
  1247 | D:2      | 1247 ||| DROPPING potion of brilliance.
  1269 | D:3      | 1269 ||| PLANNING SEWER
  1331 | D:3      | Reached skill level 1 in Armour
  1405 | D:3      | Found a white marble altar of Elyvilon.
  1434 | D:3      | Found a burning altar of Makhleb.
  1434 | D:3      | Found a sparkling altar of Nemelex Xobeh.
  1435 | D:3      | Found a stormy altar of Qazlal.
  1435 | D:3      | Found an iron altar of Okawaru.
  1435 | D:3      | Found a radiant altar of Vehumet.
  1521 | D:3      | Found a glowing drain.
  1526 | D:3      | 1526 ||| READING 2 scrolls labelled DOATAS TASAHO.
  1527 | D:3      | 1527 ||| READING scroll labelled TUMASAULEH.
  1532 | D:3      | 1532 ||| READING 3 scrolls of identify.
  1532 | D:3      | 1532 ||| IDENTIFYING amethyst potion
  1533 | D:3      | 1533 ||| READING 2 scrolls of identify.
  1533 | D:3      | 1533 ||| IDENTIFYING smoky grey potion
  1534 | D:3      | 1534 ||| DROPPING potion of flight.
  1535 | D:3      | 1535 ||| DROPPING scroll of amnesia.
  1590 | D:3      | 1590 ||| DRINKING 2 black potions.
  1591 | D:3      | 1591 ||| DROPPING potion of attraction.
  1623 | Sewer    | Entered a sewer
  1624 | Sewer    | 1624 ||| INVOKING Fiery Armour.
  1681 | Sewer    | Noticed a kobold brigand
  1682 | Sewer    | 1682 ||| Stepping ~*~*~tactically~*~*~ (water).
  1682 | Sewer    | Noticed a kobold brigand
  1694 | Sewer    | 1694 ||| Stepping ~*~*~tactically~*~*~ (water).
  1698 | Sewer    | Reached XP level 5. HP: 30/32 MP: 6/6
  1699 | Sewer    | Killed a kobold brigand
  1702 | Sewer    | Killed a kobold brigand
  1703 | Sewer    | Reached skill level 5 in Axes
  1703 | Sewer    | Reached XP level 6. HP: 36/37 MP: 7/7
  1723 | Sewer    | Found a white marble altar of Elyvilon.
  1763 | D:3      | 1763 ||| PLANNING D:1-11
  1785 | D:3      | Noticed Natasha
  1803 | D:3      | Killed Natasha
  1940 | D:3      | Noticed Natasha
  1942 | D:3      | 1942 ||| Stepping ~*~*~tactically~*~*~ (hiding).
  1943 | D:3      | 1943 ||| INVOKING Fiery Armour.
  1949 | D:3      | Killed Natasha
  2092 | D:3      | Noticed Natasha
  2093 | D:3      | 2093 ||| Stepping ~*~*~tactically~*~*~ (stealth).
  2095 | D:3      | 2095 ||| Stepping ~*~*~tactically~*~*~ (stealth).
  2097 | D:3      | 2097 ||| Stepping ~*~*~tactically~*~*~ (hiding).
  2106 | D:3      | Killed Natasha
  2107 | D:3      | Reached XP level 7. HP: 43/43 MP: 8/8
  2338 | D:4      | Reached skill level 6 in Axes
  2369 | D:4      | Reached skill level 3 in Shields
  2465 | D:4      | 2465 ||| Stepping ~*~*~tactically~*~*~ (stealth).
  2467 | D:4      | 2467 ||| Stepping ~*~*~tactically~*~*~ (hiding).
  2471 | D:4      | 2471 ||| INVOKING Fiery Armour.
  2709 | D:4      | 2709 ||| INVOKING Fiery Armour.
  2711 | D:4      | Reached skill level 7 in Axes
  2724 | D:4      | Reached XP level 8. HP: 39/48 MP: 9/9
  2839 | D:4      | Found a bloodstained altar of Trog.
  3125 | D:4      | Reached skill level 3 in Armour
  3128 | D:4      | 3128 ||| INVOKING Fiery Armour.
  3296 | D:4      | Found a runed translucent gate.
  3296 | D:4      | Identified the +2 chain mail of Vanity {Str+3 Stlth+}
  3296 | D:4      | Noticed qw's ghost (amateur GrFi)
  3297 | D:4      | Found a runed translucent gate.
  3298 | D:4      | Found a runed translucent gate.
  3298 | D:4      | Identified the +6 short sword of the Past {flame, Fragile
                  | Fly Will++}
  3298 | D:4      | Identified the +3 ring mail "Pudauso" {rC- rN+ rCorr SInv}
  3348 | D:4      | Found an ornate altar of the Wu Jian Council.
  3620 | D:4      | 3620 ||| READING scroll labelled JUXKANA LIBLEE.
  3649 | D:5      | Entered Level 5 of the Dungeon
  3716 | D:5      | 3716 ||| Stepping ~*~*~tactically~*~*~ (stealth).
  3943 | D:5      | 3943 ||| Stepping ~*~*~tactically~*~*~ (hiding).
  3969 | D:5      | 3969 ||| Stepping ~*~*~tactically~*~*~ (stealth).
  3979 | D:5      | 3979 ||| INVOKING Fiery Armour.
  3983 | D:5      | Reached skill level 8 in Axes
  4122 | D:5      | Found a broken altar of Ashenzari.
  4143 | D:5      | 4143 ||| Stepping ~*~*~tactically~*~*~ (stealth).
  4159 | D:5      | 4159 ||| INVOKING Fiery Armour.
  4200 | D:5      | Reached skill level 6 in Fighting
  4202 | D:5      | Reached XP level 9. HP: 25/55 MP: 10/10
  4354 | D:5      | Found a staircase to the Ecumenical Temple.
  4366 | D:5      | Noticed Menkaure
  4367 | D:5      | 4367 ||| Stepping ~*~*~tactically~*~*~ (hiding).
  4368 | D:5      | 4368 ||| Stepping ~*~*~tactically~*~*~ (hiding).
  4370 | D:5      | 4370 ||| Stepping ~*~*~tactically~*~*~ (hiding).
  4378 | D:5      | Killed Menkaure
  4671 | D:5      | Reached skill level 9 in Axes
  4988 | D:5      | 4988 ||| UPGRADING to +0 pair of boots.
  5054 | D:6      | 5054 ||| Stepping ~*~*~tactically~*~*~ (stealth).
  5105 | D:6      | 5105 ||| INVOKING Fiery Armour.
  5183 | D:6      | Found a glowing silver altar of Zin.
  5438 | D:6      | 5438 ||| Stepping ~*~*~tactically~*~*~ (stealth).
  5439 | D:6      | 5439 ||| Stepping ~*~*~tactically~*~*~ (stealth).
  5440 | D:6      | 5440 ||| Stepping ~*~*~tactically~*~*~ (stealth).
  5441 | D:6      | 5441 ||| Stepping ~*~*~tactically~*~*~ (stealth).
  5445 | D:6      | 5445 ||| Stepping ~*~*~tactically~*~*~ (stealth).
  5460 | D:6      | Identified the +4 scale mail "Nugetol" {rN+}
  5736 | D:6      | 5736 ||| UPGRADING to +4 scale mail "Nugetol" {rN+}.
  5746 | D:6      | 5746 ||| DROPPING +0 chain mail.
  5747 | D:6      | 5747 ||| DROPPING ring of wizardry.
  5748 | D:6      | 5748 ||| READING scroll labelled RAUNNA QURENIN.
  5749 | D:6      | 5749 ||| READING scroll labelled JETASS ZYDUEGA.
  5750 | D:6      | 5750 ||| DRINKING 2 clear potions.
  5777 | D:7      | 5777 ||| Stepping ~*~*~tactically~*~*~ (hiding).
  5778 | D:7      | 5778 ||| Stepping ~*~*~tactically~*~*~ (hiding).
  5787 | D:7      | Reached skill level 1 in Dodging
  5808 | D:7      | 5808 ||| Stepping ~*~*~tactically~*~*~ (stealth).
  5810 | D:7      | 5810 ||| Stepping ~*~*~tactically~*~*~ (stealth).
  5812 | D:7      | 5812 ||| Stepping ~*~*~tactically~*~*~ (stealth).
  6184 | D:7      | Found Kidduur's Antique Weapon Boutique.
  6191 | D:7      | 6191 ||| BUYING glowing hand axe (192 gold).
  6191 | D:7      | Bought a glowing hand axe for 192 gold pieces
  6191 | D:7      | 6191 ||| SWAPPING to +1 hand axe of flaming.
  6192 | D:7      | 6192 ||| DROPPING -1 hand axe of flaming.
  6355 | D:7      | Found a flagged portal.
  6485 | D:7      | Found an ancient bone altar of Kikubaaqudgha.
  6573 | D:7      | Reached skill level 10 in Axes
  6649 | D:7      | Found a hide-covered altar of Uskayaw.
  6788 | D:7      | 6788 ||| UPGRADING to +0 pair of gloves.
  6793 | D:7      | 6793 ||| READING 3 scrolls of identify.
  6793 | D:7      | 6793 ||| IDENTIFYING emerald potion
  6830 | D:8      | 6830 ||| Stepping ~*~*~tactically~*~*~ (hiding).
  6831 | D:8      | 6831 ||| Stepping ~*~*~tactically~*~*~ (hiding).
  6833 | D:8      | 6833 ||| Stepping ~*~*~tactically~*~*~ (hiding).
  6853 | D:8      | 6853 ||| INVOKING Fiery Armour.
  6855 | D:8      | HP: 9/57 [gnoll/+0 halberd[a gnoll sergeant] (12)]
  6856 | D:8      | 6856 ||| READING scroll of teleportation.
  6857 | D:8      | Reached XP level 10. HP: 11/63 MP: 11/11
  6857 | D:8      | 6857 ||| DRINKING potion of heal wounds.
  7056 | D:8      | 7056 ||| SWAPPING to +0 war axe.
  7188 | D:8      | 7188 ||| Stepping ~*~*~tactically~*~*~ (hiding).
  7190 | D:8      | 7190 ||| Stepping ~*~*~tactically~*~*~ (hiding).
  7191 | D:8      | 7191 ||| Stepping ~*~*~tactically~*~*~ (hiding).
  7192 | D:8      | 7192 ||| Stepping ~*~*~tactically~*~*~ (hiding).
  7193 | D:8      | 7193 ||| Stepping ~*~*~tactically~*~*~ (hiding).
  7194 | D:8      | 7194 ||| Stepping ~*~*~tactically~*~*~ (hiding).
  7200 | D:8      | 7200 ||| Stepping ~*~*~tactically~*~*~ (hiding).
  7344 | D:8      | 7344 ||| READING scroll labelled NAM YQUBOARCH.
  7512 | D:8      | 7512 ||| Stepping ~*~*~tactically~*~*~ (stealth).
  7559 | D:8      | 7559 ||| Stepping ~*~*~tactically~*~*~ (hiding).
  7560 | D:8      | 7560 ||| Stepping ~*~*~tactically~*~*~ (hiding).
  7561 | D:8      | 7561 ||| Stepping ~*~*~tactically~*~*~ (hiding).
  7780 | D:8      | Found a glowing golden altar of the Shining One.
  7834 | D:8      | 7834 ||| Stepping ~*~*~tactically~*~*~ (stealth).
  8229 | D:8      | 8229 ||| UPGRADING to +0 helmet.
  8234 | D:8      | 8234 ||| UPGRADING to ring of protection from fire.
  8235 | D:8      | 8235 ||| READING scroll labelled JIAQEYM HABB.
  8236 | D:8      | 8236 ||| READING scroll labelled BAZEED JUHOPPA.
  8266 | D:9      | 8266 ||| INVOKING Fiery Armour.
  8268 | D:9      | 8268 ||| STAIRDANCE
  8270 | D:9      | 8270 ||| STAIRDANCE
  8272 | D:9      | 8272 ||| STAIRDANCE
  8339 | D:9      | 8339 ||| STAIRDANCE
  8418 | D:9      | Noticed a green ugly thing
  8420 | D:9      | 8420 ||| STAIRDANCE
  8427 | D:8      | 8427 ||| INVOKING Fiery Armour.
  8431 | D:8      | Killed a green ugly thing
  8459 | D:8      | 8459 ||| Stepping ~*~*~tactically~*~*~ (stealth).
  8558 | D:9      | 8558 ||| Stepping ~*~*~tactically~*~*~ (stealth).
  8595 | D:9      | 8595 ||| Stepping ~*~*~tactically~*~*~ (stealth).
  8597 | D:9      | 8597 ||| Stepping ~*~*~tactically~*~*~ (stealth).
  8607 | D:9      | 8607 ||| Stepping ~*~*~tactically~*~*~ (stealth).
  8609 | D:9      | 8609 ||| Stepping ~*~*~tactically~*~*~ (stealth).
  8716 | D:9      | 8716 ||| Stepping ~*~*~tactically~*~*~ (stealth).
  8726 | D:9      | 8726 ||| INVOKING Fiery Armour.
  8728 | D:9      | Reached skill level 11 in Axes
  8728 | D:9      | 8728 ||| Stepping ~*~*~tactically~*~*~ (hiding).
  8948 | D:9      | 8948 ||| PLANNING OKAWARU WORSHIP
  9101 | D:3      | Fell from the grace of Ignis
  9101 | D:3      | Became a worshipper of Warmaster Okawaru
  9102 | D:3      | 9102 ||| PLANNING D:1-11
  9241 | D:9      | 9241 ||| Stepping ~*~*~tactically~*~*~ (stealth).
  9270 | D:9      | Reached skill level 9 in Fighting
  9447 | D:9      | 9447 ||| UPGRADING to scarf of repulsion.
  9452 | D:9      | 9452 ||| READING 5 scrolls of identify.
  9452 | D:9      | 9452 ||| IDENTIFYING smoky yellow potion
  9453 | D:9      | 9453 ||| DROPPING potion of lignification.
  9476 | D:10     | Entered Level 10 of the Dungeon
  9512 | D:10     | Found a staircase to the Lair.
  9530 | D:10     | Found a shadowy altar of Dithmenos.
  9743 | D:10     | HP: 10/66 [fire elemental[the fiery vengeance of Ignis]
                  | (7)]
  9743 | D:10     | Slain by a fire elemental

Levels and vault maps discovered:
D:1:      onia_arrival_pentagram, layout_rooms, minmay_statues_item
D:2:      layout_rooms
D:3:      layout_basic, grunt_temple_overflow_open,
          cheibrodos_sewer_entry_sluice, grunt_ministairs_6, dk_noncrumbling_3,
          chequers_serial_rivers_small_b, uniq_natasha
D:4:      layout_gridville, mainiacjoe_overflow_tiny_flanked,
          nicolae_wu_jian_glorious_leap, biasface_ghost_orc_armoury,
          chequers_serial_rivers_micro_d
D:5:      layout_gridville, kennysheep_little_box,
          minmay_temple_entry_overgrown, uniq_menkaure
D:6:      layout_gridville, old_standard_altar, nicolae_nh_ransacked_shop
D:7:      layout_gridville, nicolae_overflow_hidden_temple,
          mainiacjoe_overflow_brackets, serial_shops, shop, enter_bailey_2
D:8:      layout_layer_cave, tso_oasis_becter
D:9:      layout_gridville
D:10:     layout_loops_ring, mainiacjoe_overflow_catwalk, lemuel_crystal_altar,
          lair_entry_dummy

Skill      XL: |  1  2  3  4  5  6  7  8  9 10 |
---------------+-------------------------------+-----
Axes           | 3 4 5 7 8 10 11 | 11.5
Shields        | 1 2 3 4 5 |  5.0
Armour         | 2 3 4 5 |  5.3
Fighting       | 4 6 7 9 |  9.0
Throwing       | 2 |  2.0
Dodging        | 1 |  1.7
Spellcasting   | |  1.0
Fire Magic     | |  3.0

Action                     |  1- 3 |  4- 6 |  7- 9 | 10-12 || total
---------------------------+-------+-------+-------+-------++-------
  Melee: Hand axe          |   112 |   150 |   438 |    10 ||   710
         War axe           |       |       |       |   168 ||   168
  Throw: Boomerang         |       |       |    94 |    45 ||   139
 Invoke: Fiery Armour      |     1 |     2 |     7 |     3 ||    13
    Use: Scroll            |     1 |     7 |     5 |     4 ||    17
         Potion            |       |     1 |     1 |     1 ||     3
 Armour: Robe              |    33 |     8 |       |       ||    41
         Chain mail        |       |    66 |   209 |       ||   275
         Scale mail        |       |       |    73 |   177 ||   250
  Dodge: Dodged            |    61 |    43 |   142 |   120 ||   366
  Block: Buckler           |    11 |    19 |    76 |    56 ||   162

Table legend:
 A = Non-vault XP
 B = Vault XP
 C = Vault XP percentage of total XP
 D = Non-vault monster count
 E = Vault monster count
 F = Vault count percentage of total count
                 A         B        C        D         E       F
            +---------+---------+-------+---------+---------+-------
      Total |    8601 |     569 |   6.2 |     218 |      27 |  11.0
            +---------+---------+-------+---------+---------+-------
        D:1 |      36 |       0 |   0.0 |      19 |       0 |   0.0
        D:2 |      60 |       0 |   0.0 |      15 |       0 |   0.0
        D:3 |     247 |      49 |  16.6 |      21 |       7 |  25.0
        D:4 |    1038 |       0 |   0.0 |      35 |       0 |   0.0
        D:5 |    1145 |     165 |  12.6 |      24 |       1 |   4.0
        D:6 |     369 |     123 |  25.0 |      13 |       4 |  23.5
        D:7 |    1139 |       0 |   0.0 |      23 |       0 |   0.0
        D:8 |    2267 |       0 |   0.0 |      35 |       0 |   0.0
        D:9 |    1427 |       0 |   0.0 |      25 |       0 |   0.0
       D:10 |     873 |       0 |   0.0 |       8 |       0 |   0.0
      Sewer |       0 |     232 | 100.0 |       0 |      15 | 100.0
            +---------+---------+-------+---------+---------+-------
